 Dungeon Crawl Stone Soup version 0.29.0-11-gd7f09526c8 (webtiles) character file.

Game seed: 3472756334481107377

149 mdonais the Firebug (level 5, -7/36 HPs)
             Began as an Octopode Cinder Acolyte on Sept 6, 2022.
             Was a High Priest of Ignis.
             Killed by nerve-wracking pain
             ... invoked by an orc priest
              (10 damage)
             ... on level 4 of the Dungeon.
             The game lasted 00:11:35 (4660 turns).

mdonais the Firebug (Octopode Cinder Acolyte)       Turns: 4660, Time: 00:11:35

Health: -7/36      AC:  1    Str: 13    XL:     5   Next: 31%
Magic:  1/9        EV: 12    Int: 19    God:    Ignis [*****.]
Gold:   178        SH:  0    Dex:  7    Spells: 7/9 levels left

rFire   + . .      SeeInvis .   a - -1 falchion (flame)
rCold   . . .      Faith    .   (no shield)
rNeg    . . .      Spirit   .   (helmet restricted)
rPois   .          Reflect  .   r - amulet of regeneration
rElec   .          Harm     .   (no ring)
rCorr   .          Rampage  .   (no ring)
Will    .....                   (no ring)
Stlth   +++.......              (no ring)
HPRegen 0.92/turn               (no ring)
MPRegen 0.11/turn               (no ring)
                                (no ring)
                                (no ring)

@: no status effects
A: almost no armour, amphibious, 8 rings, camouflage 1, gelatinous body 1,
(nimble swimmer 1), tentacles
a: Renounce Religion, Fiery Armour, Foxfire Swarm, Rising Flame


You were on level 4 of the Dungeon.
You worshipped Ignis.
Ignis was extremely pleased with you.
You visited 1 branch of the dungeon, and saw 4 of its levels.

You collected 178 gold pieces.

Inventory:

Hand Weapons
 a - a -1 falchion of flaming (weapon)
 u - a +0 sling
   (You took it off a hobgoblin on level 4 of the Dungeon)
Missiles
 t - 2 boomerangs (quivered)
Jewellery
 r - an amulet of regeneration (around mantle)
   (You found it on level 1 of the Dungeon)
Scrolls
 b - 2 scrolls of teleportation {unknown}
 d - a scroll of immolation {unknown}
 f - a scroll of amnesia {unknown}
 h - a scroll of enchant weapon {unknown}
 k - a scroll of identify {unknown}
 m - 3 scrolls of blinking {unknown}
 n - a scroll of summoning {unknown}
 o - a scroll of brand weapon {unknown}
 p - a scroll of silence {unknown}
 q - a scroll of enchant armour {unknown}
Potions
 c - a potion of brilliance {unknown}
 e - a potion of invisibility
 g - a potion of resistance {unknown}
 i - 3 potions of curing {unknown}
 j - a potion of attraction {unknown}
 l - 2 potions of heal wounds {unknown}
 s - a potion of flight {unknown}


   Skills:
 - Level 3.0 Fighting
 - Level 3.0 Long Blades
 - Level 3.3 Stealth
 + Level 2.8 Spellcasting
 + Level 4.2 Fire Magic


You had 7 spell levels left.
You knew the following spells:

 Your Spells              Type           Power      Damage    Failure   Level
a - Scorch                Fire           36%        2d7       4%          2

Your spell library contained the following spells:

 Spells                   Type           Power      Damage    Failure   Level
 Sting                    Tmut/Pois      8%         1d3       16%         1
 Ensorcelled Hibernation  Hex/Ice        4%         N/A       24%         2
 Passwall                 Tmut/Erth      1%         N/A       24%         2
 Poisonous Vapours        Pois/Air       4%         N/A       24%         2
 Swiftness                Air            2%         N/A       43%         3
 Olgreb's Toxic Radiance  Pois           2%         N/A       83%         4


Dungeon Overview and Level Annotations

Branches:
Dungeon (4/15) Zot: 19329
 Temple: D:4-7

Altars:
Cheibriados
Dithmenos
Fedhas
Gozag
Okawaru
Xom
The Shining One

Annotations:
D:3 Grinder
D:4 exclusion: black bear


Innate Abilities, Weirdness & Mutations

You cannot wear most types of armour.
You are amphibious.
You can wear up to eight rings at the same time.
Your skin changes colour to match your surroundings (Stealth+).
Your rubbery body absorbs attacks. (AC +1, EV +1)
((You are camouflaged when in or above water. (Stealth+)))
You have tentacles for arms and can constrict up to eight enemies at once.


Message History

There is a stone staircase leading up here.
You now have 96 gold pieces (gained 12).
q - a scroll labelled JUUTIG JUTTY
m - 3 scrolls labelled GECKAYJ XIOKEL (gained 1)
You now have 110 gold pieces (gained 14).
b - 2 scrolls labelled KEAXIEC QEYJA (gained 1)
An endoplasm comes into view.
Casting: Scorch (safe; 4% risk of failure)
Confirm with . or Enter, or press ? or * to list all spells.
Flames lash the endoplasm.
You kill the endoplasm!
You now have 5/7 mp.
Magic restored.
An endoplasm comes into view.
MP restored: 7
Casting: Scorch (safe; 4% risk of failure)
Confirm with . or Enter, or press ? or * to list all spells.
Flames lash the endoplasm.
You kill the endoplasm!
You now have 5/7 mp.
You now have 115 gold pieces (gained 5).
A giant cockroach comes into view.
MP restored: 7
Casting: Scorch (safe; 4% risk of failure)
Confirm with . or Enter, or press ? or * to list all spells.
Flames lash the giant cockroach.
You kill the giant cockroach!
You have reached level 5!
You feel clever.
Health restored: 36 You now have 5/8 mp.
Found a glowing golden altar of the Shining One.
Found a leather armour.
MP restored: 8 You see here a +0 leather armour.
An ufetubus comes into view.
The ufetubus shouts!
Casting: Scorch (safe; 4% risk of failure)
Confirm with . or Enter, or press ? or * to list all spells.
Flames lash the ufetubus.
The ufetubus is burned terribly!
You kill the ufetubus!
You now have 6/8 mp.
A black bear comes into view.
Found a scroll labelled ZOJUTU WIENEDD.
MP restored: 8 An iguana comes into view.
Casting: Scorch (safe; 4% risk of failure)
Confirm with . or Enter, or press ? or * to list all spells.
You can't see any susceptible monsters within range! (Use Z to cast anyway.)
Casting: Scorch (safe; 4% risk of failure)
Confirm with . or Enter, or press ? or * to list all spells.
Flames lash the iguana.
The iguana is moderately wounded.
The iguana's fire resistance burns away.
You now have 6/8 mp.
Casting: Scorch (safe; 4% risk of failure)
Confirm with . or Enter, or press ? or * to list all spells.
You miscast Scorch.
You are very lightly contaminated with residual magic.
Nothing appears to happen.
The iguana bites you!
You take 10 damage, and have 26/36 hp.
MASSIVE DAMAGE!!
You now have 4/8 mp.
Casting: Scorch (safe; 4% risk of failure)
Confirm with . or Enter, or press ? or * to list all spells.
Flames lash the iguana.
The iguana is burned terribly!
The iguana is almost dead.
The iguana bites you! The iguana closely misses you.
You take 8 damage, and have 18/36 hp.
MASSIVE DAMAGE!!
You now have 2/8 mp.
Casting: Scorch (safe; 4% risk of failure)
Confirm with . or Enter, or press ? or * to list all spells.
Flames lash the iguana.
The iguana is burned terribly!
You kill the iguana!
You regained 2 hp, and now have 20/36 hp.
You now have 0/9 mp.
Your magical contamination has completely faded away.
You start resting.
HP restored.
Health restored: 36 You start resting.
Magic restored.
MP restored: 9
Found a hand axe.
Found an iron altar of Okawaru.
s - a fuming sapphire potion
i - 3 orange potions (gained 1)
There is a stone staircase leading up here.
There is a stone staircase leading down here.
There is an iron altar of Okawaru here.
There is a stone staircase leading up here.
A hobgoblin comes into view. It is wielding a +0 sling.
The hobgoblin moves out of view.
Found a shadowy altar of Dithmenos.
Casting: Scorch (safe; 4% risk of failure)
Confirm with . or Enter, or press ? or * to list all spells.
Flames lash the hobgoblin.
You kill the hobgoblin!
You now have 7/9 mp.
You now have 158 gold pieces (gained 43).
Things that are here:
a +0 sling; a +0 dagger
u - a +0 sling
Okay, then.
You now have 171 gold pieces (gained 13).
You now have 178 gold pieces (gained 7).
You see here a +2 helmet.
MP restored: 9
Found a quarterstaff.
An orc comes into view. It is wielding a +0 club.
An orc priest comes into view. It is wielding a +0 hand axe.
Casting: Scorch (safe; 4% risk of failure)
Confirm with . or Enter, or press ? or * to list all spells.
Flames lash the orc priest.
The orc priest shouts!
The orc priest is moderately wounded.
The orc priest's fire resistance burns away.
The orc priest invokes the aid of Beogh against you.
Beogh smites you!
The orc shouts!
You take 10 damage, and have 26/36 hp.
MASSIVE DAMAGE!!
You now have 7/9 mp.
Casting: Scorch (safe; 4% risk of failure)
Confirm with . or Enter, or press ? or * to list all spells.
Flames lash the orc priest.
The orc priest is burned terribly!
The orc priest is heavily wounded.
The orc priest looks braver for a moment.
The bullfrog croaks.
The orc priest calls down the wrath of Beogh upon you.
Pain shoots through your body!
You take 2 damage, and have 24/36 hp.
You now have 5/9 mp.
Casting: Scorch (safe; 4% risk of failure)
Confirm with . or Enter, or press ? or * to list all spells.
Flames lash the orc.
The orc is severely wounded.
The orc's fire resistance burns away.
The orc closely misses you.
The orc priest invokes the aid of Beogh against you.
Beogh smites you! The orc hits you with a +0 club.
You take 13 damage, and have 11/36 hp.
MASSIVE DAMAGE!!
You now have 3/9 mp.
Casting: Scorch (safe; 4% risk of failure)
Confirm with . or Enter, or press ? or * to list all spells.
Flames lash the orc priest.
The orc priest is burned terribly!
The orc priest is severely wounded.
The orc barely misses you.
The orc priest hits you with a +0 hand axe.
* * * LOW HITPOINT WARNING * * *
The orc is no longer more vulnerable to fire.
The orc hits you with a +0 club.
* * * LOW HITPOINT WARNING * * *
The orc priest calls down the wrath of Beogh upon you.
Pain shoots through your body!
You die...

.##....... #.... ... h...# # ##
..._... ##.. .. . ...# #
.##.......##...# ###
..##.....##..#.# ... ...
#..##...##..##.# ... ## ##..##
##......##### # .. #
##...###........)..# #.#. #
......#.....##.#########..#######
.#....#......#..@o..#F.# #.....##
.##.........##.#o.#.#..+ #.......
.###...#.#.###......# #....... .#
##[.#.#.###......# ##.##... .#
####.#...#.#..#.# #.##### .#
#.#####......# #.# .#
#.######+##### #.# .# #....# #O
#.##### .# ####.# ##.#....


You could see an ogre, a bullfrog, an orc priest (combustible) and an orc.

Vanquished Creatures
  An iron imp (D:3)
  An iguana (D:4)
  A gnoll (D:1)
  An ufetubus (D:4)
  3 dart slugs
  2 worms
  7 endoplasms
  5 giant cockroaches
  3 goblins
  9 hobgoblins
  4 jackals (D:1)
  A quokka (D:1)
  7 ball pythons
  5 bats
  5 frilled lizards
  8 kobolds
  4 rats
67 creatures vanquished.

Vanquished Creatures (others)
  13 plants (D:1)
13 creatures vanquished.

Grand Total: 80 creatures vanquished

Notes
Turn   | Place    | Note
-------+----------+-------------------------------------------
     0 | D:1      | mdonais the Octopode Cinder Acolyte began the quest for the
                  | Orb.
     0 | D:1      | Reached XP level 1. HP: 16/16 MP: 2/2
   150 | D:1      | Reached skill level 1 in Stealth
   168 | D:1      | Reached XP level 2. HP: 11/21 MP: 3/3
   312 | D:1      | Learned a level 2 spell: Scorch
   799 | D:1      | Reached XP level 3. HP: 26/26 MP: 1/4
  1353 | D:1      | Found a faded altar of an unknown god.
  2544 | D:3      | Reached XP level 4. HP: 31/31 MP: 3/6
  2648 | D:3      | Found a blossoming altar of Fedhas.
  2710 | D:3      | Noticed Grinder
  2715 | D:3      | Paralysed by something for 2 turns
  3520 | D:3      | Found an opulent altar of Gozag.
  3706 | D:3      | Found a snail-covered altar of Cheibriados.
  3719 | D:3      | Reached skill level 4 in Fire Magic
  3828 | D:3      | Found a shimmering altar of Xom.
  4168 | D:4      | Reached XP level 5. HP: 36/36 MP: 5/8
  4176 | D:4      | Found a glowing golden altar of the Shining One.
  4241 | D:4      | Noticed a black bear
  4349 | D:4      | Found an iron altar of Okawaru.
  4518 | D:4      | Found a shadowy altar of Dithmenos.
  4651 | D:4      | Noticed an ogre
  4660 | D:4      | Killed from afar by an orc priest

Illustrated notes

Levels and vault maps discovered:
D:1:      roderic_octagonal_star, layout_basic,
          dreamdust_ecumenical_altar_hidden_monk_grotto, nicolae_grassy_gnolls
D:2:      layout_loops_corners
D:3:      layout_loops_corners, slow_altar_2, fedhas_altar_fruit_tree,
          grunt_gozag_statues, mainiacjoe_overflow_surrounded_room,
          hangedman_feature_mirror, uniq_grinder
D:4:      minmay_clustersquares, layout_loops_ring, tso_metal_star,
          amcnicky_altar_gilded, mainiacjoe_overflow_cross_hatched

Skill      XL: |  1  2  3  4 |
---------------+-------------+-----
Stealth        | 2 3 |  3.3
Spellcasting   | 2 |  2.8
Fire Magic     | 4 |  4.2
Fighting       | |  3.0
Long Blades    | |  3.0

Action                   |  1- 3 |  4- 6 || total
-------------------------+-------+-------++-------
Melee: Falchion          |    45 |    19 ||    64
       Tentacles         |     5 |     5 ||    10
       Constrict         |    10 |     2 ||    12
 Cast: Scorch            |    30 |    34 ||    64
Armor: Skin              |     2 |     2 ||     4
Dodge: Dodged            |    31 |    15 ||    46
